 Dungeon Crawl Stone Soup version 0.30.1-11-g7821555f0a (webtiles) character file.

Game seed: 8400969628274111624

16 jagang the Trooper (level 2, -3/18 (25) HPs)
             Began as a Barachi Monk on Dec 20, 2023.
             Slain by Terence
             ... wielding a +2 short sword of draining
              (6 damage)
             ... on level 1 of the Dungeon.
             The game lasted 00:02:34 (514 turns).

jagang the Trooper (Barachi Monk)                    Turns: 514, Time: 00:02:35

HP:   -3/18 (25)    AC:  3    Str: 12    XL:     2   Next: 58%
MP:   2/2           EV: 12    Int: 10    God:
Gold: 47            SH:  0    Dex: 14    Spells: 1/1 levels left

rFire   . . .        a - +0 falchion
rCold   . . .        d - orb {light}
rNeg    . . .        h - +0 leather armour
rPois   .            (no helmet)
rElec   .            (no cloak)
rCorr   .            (no gloves)
SInv    .            (no boots)
Will    .....        (no amulet)
Stlth   +            (no ring)
HPRegen 0.23/turn    (no ring)
MPRegen 0.08/turn

%: no passive effects
@: confused, ambrosia-drunk, unable to hop, glowing, very heavily drained, slow
A: amphibious, slowness 1, strong legs 1, +LOS
a: Hop


You were on level 1 of the Dungeon.
You visited 1 branch of the dungeon, and saw 2 of its levels.

You collected 47 gold pieces.

Inventory:

Hand Weapons
 a - a +0 falchion (weapon)
Missiles
 g - 5 boomerangs (quivered)
Armour
 b - a +0 robe
 d - an orb of light (worn)
 h - a +0 leather armour (worn)
 i - a +0 buckler
Scrolls
 f - a scroll of poison {unknown}
Potions
 e - a potion of invisibility {unknown}


   Skills:
 * Level 4.1 Fighting
 + Level 3.8 Long Blades
 + Level 0.0 Throwing
 + Level 0.9 Armour
 + Level 3.4 Dodging
 + Level 0.1 Shields


You had one spell level left.
You didn't know any spells.
Your spell library was empty.

Dungeon Overview and Level Annotations

Branches:
Dungeon (2/15)

Altars:

Annotations:
D:1 Terence


Innate Abilities, Weirdness & Mutations

You are amphibious.
You cover ground slowly.
You can hop short distances.
You have an extended range of vision and can be seen from far away.


Message History

Terence closely misses you.
You climb upwards.
There is a stone staircase leading down here.
Hop to where?
Press: ? - help, Dir - move target Boing!
Throw: 5 boomerangs
Press: ? - help, Q - select action, (/) - cycle Shift-Dir - straight line, f - Terence
Aim: Terence, wielding a +2 short sword of draining and wearing a +0 scale mail (haloed, 82% to hit)
You throw a boomerang.
The boomerang completely misses Terence.
You throw a boomerang.
The boomerang hits Terence but does no damage.
You hit Terence.
Terence is lightly wounded.
Terence hits you with a +2 short sword of draining.
You feel drained.
Okay, then.
You slash Terence!
Terence is heavily wounded.
Terence hits you with a +2 short sword of draining.
You feel drained.
You barely miss Terence.
Terence is heavily wounded.
Terence hits you with a +2 short sword of draining!
You feel drained.
You hit Terence.
Terence is heavily wounded.
Terence hits you but does no damage.
You feel drained.
Terence hits you with a +2 short sword of draining.
You feel drained.
You are confused.
You feel invigorated.
Terence hits you with a +2 short sword of draining.
* * * LOW HITPOINT WARNING * * *
You feel drained.
* * * LOW HITPOINT WARNING * * *
Terence attacks as you move away!
Terence hits you with a +2 short sword of draining.
You die...

######## ####### ##......## #####
#.....###........## ###...#
#.....##..........# #....##
#................># #...##
#.....##........).###.### ###
##.....##.......@..##..########..
.#..............@............#...
.#...............................
.#.....###........###...÷........
.#.....##..........######.###....
.#.................# ##.# #....
)###....#..........#####..###....
.................................
#########..........#####.........
....######......÷.#......####†...


You could see Terence.

Vanquished Creatures
  2 ball pythons (D:1)
  2 endoplasms (D:1)
  A giant cockroach (D:1)
  2 goblins (D:1)
  2 quokkas (D:1)
  A bat (D:1)
  3 frilled lizards (D:1)
  2 rats (D:1)
15 creatures vanquished.

Notes
Turn   | Place    | Note
-------+----------+-------------------------------------------
     0 | D:1      | jagang the Barachi Monk began the quest for the Orb.
     0 | D:1      | Reached XP level 1. HP: 18/18 MP: 1/1
   142 | D:1      | Reached XP level 2. HP: 22/25 MP: 2/2
   149 | D:1      | Reached skill level 4 in Fighting
   502 | D:2      | Noticed Terence
   514 | D:1      | Slain by Terence

Illustrated notes

Levels and vault maps discovered:
D:1:      mainiacjoe_arrival_reflecting_pool, layout_rooms, due_unseen_surprise
D:2:      layout_rooms, basic_altar, grunt_ministairs_2, uniq_sigmund,
          uniq_terence

Skill      XL: |  1  2 |
---------------+-------+-----
Fighting       | 4 |  4.1
Long Blades    | |  3.8
Armour         | |  0.9
Dodging        | |  3.4
Shields        | |  0.1

Action                     || total
---------------------------++-------
  Melee: Falchion          ||    41
  Throw: Boomerang         ||     2
Ability: Hop               ||     1
    Use: Potion            ||     1
 Armour: Robe              ||     9
         Leather armour    ||     6
  Dodge: Dodged            ||    25
